 Dungeon Crawl Stone Soup version 0.29.1-15-g9cfb28693d (webtiles) character file.

Game seed: 13925700781652067934

17 FaviusArthum the Trooper (level 2, -2/18 HPs)
             Began as a Deep Elf Abyssal Knight on Aug 30, 2023.
             Was a Believer of Lugonu.
             Slain by a hobgoblin (4 damage)
             ... on level 1 of the Dungeon.
             The game lasted 00:07:12 (738 turns).

FaviusArthum the Trooper (Deep Elf Abyssal Knight)   Turns: 738, Time: 00:07:12

Health: -2/18      AC:  3    Str: 10    XL:     2   Next: 44%
Magic:  5/5        EV: 12    Int: 14    God:    Lugonu [**....]
Gold:   22         SH:  0    Dex: 15    Spells: 2/2 levels left

rFire   . . .      SeeInvis .   c - +0 spear
rCold   . . .      Faith    .   (no shield)
rNeg    . . .      Spirit   .   b - +0 leather armour
rPois   .          Reflect  .   (no helmet)
rElec   .          Harm     .   (no cloak)
rCorr   .          Rampage  .   (no gloves)
Will    .....                   (no boots)
Stlth   +.........              (no amulet)
HPRegen 0.06/turn               (no ring)
MPRegen 0.09/turn               (no ring)

@: no status effects
A: no striking features
a: Renounce Religion, Depart the Abyss, Bend Space


You were on level 1 of the Dungeon.
You worshipped Lugonu.
Lugonu was pleased with you.
You visited 1 branch of the dungeon, and saw 1 of its levels.
You visited the Abyss 1 time.

You collected 22 gold pieces.

Inventory:

Hand Weapons
 a - a +1 short sword
 c - a +0 spear (weapon)
 g - a +0 dagger
Armour
 b - a +0 leather armour (worn)
Scrolls
 e - a scroll of immolation {unknown}
 f - 2 scrolls of identify {unknown}
Potions
 d - 2 potions of invisibility {unknown}
 h - 2 potions of lignification {unknown}


   Skills:
 + Level 2.7 Fighting
 + Level 2.0 Short Blades
 + Level 0.2 Polearms
 * Level 1.1 Armour
 + Level 2.5 Dodging
 * Level 0.9 Spellcasting
 + Level 2.1 Invocations


You had 2 spell levels left.
You didn't know any spells.
Your spell library contained the following spells:

 Spells                   Type           Power      Damage    Failure   Level
 Tukima's Dance           Hex            0%         N/A       73%         3
 Passage of Golubria      Tloc           0%         N/A       98%         4
 Yara's Violent Unravell  Hex/Tmut       0%         3d3       100%        5


Dungeon Overview and Level Annotations

Branches:
Dungeon (1/15)

Altars:


Message History

You hit the hobgoblin.
The hobgoblin is moderately wounded.
The hobgoblin hits you.
You hit the hobgoblin but do no damage.
The hobgoblin is moderately wounded.
The hobgoblin misses you.
You closely miss the hobgoblin.
The hobgoblin is moderately wounded.
The hobgoblin hits you but does no damage.
You hit the hobgoblin.
The hobgoblin is heavily wounded.
The hobgoblin hits you but does no damage.
You hit the hobgoblin.
The hobgoblin is severely wounded.
The hobgoblin hits you.
You closely miss the hobgoblin.
The hobgoblin is severely wounded.
The hobgoblin closely misses you.
You hit the hobgoblin but do no damage.
The hobgoblin is severely wounded.
The hobgoblin barely misses you. x2
You completely miss the hobgoblin.
The hobgoblin is severely wounded.
The hobgoblin hits you but does no damage.
You hit the hobgoblin but do no damage.
The hobgoblin is severely wounded.
The hobgoblin hits you.
* * * LOW HITPOINT WARNING * * *
You barely miss the hobgoblin.
The hobgoblin is severely wounded.
The hobgoblin hits you.
* * * LOW HITPOINT WARNING * * *
You hit the hobgoblin.
You punch the hobgoblin, but do no damage.
The hobgoblin is almost dead.
The hobgoblin closely misses you.
You closely miss the hobgoblin.
The hobgoblin is almost dead.
The hobgoblin hits you.
You die...

#########...########
.......)............
#########.......#####
#.............
#.###.....### #.#
#....## ##.# #....# #..#
####.## #.## #.@# #.#
##g#
#######.#####..†.......#
...(...................#
.......................#
###....................#
#..............$......#
##.....................#
#............#####.#.###


You could see a hobgoblin.

Vanquished Creatures
  An endoplasm (D:1)
  3 goblins (D:1)
  A ball python (D:1)
  5 bats (D:1)
  A frilled lizard (D:1)
  3 kobolds (D:1)
  4 rats (D:1)
18 creatures vanquished.

Notes
Turn   | Place    | Note
-------+----------+-------------------------------------------
     0 | Abyss:1  | FaviusArthum the Deep Elf Abyssal Knight began the quest
                  | for the Orb.
     0 | Abyss:1  | Reached XP level 1. HP: 13/13 MP: 4/4
     5 | D:1      | Escaped the Abyss
   290 | D:1      | Reached skill level 1 in Armour
   498 | D:1      | Reached XP level 2. HP: 15/18 MP: 5/5
   738 | D:1      | Slain by a hobgoblin

Illustrated notes

Levels and vault maps discovered:
D:1:      lightli_arrival_boilingwater, layout_rooms

Skill      XL: |  1 |
---------------+----+-----
Armour         | 1 |  1.1
Fighting       | |  2.7
Short Blades   | |  2.0
Polearms       | |  0.2
Dodging        | |  2.5
Spellcasting   | |  0.9
Invocations    | |  2.1

Action                   || total
-------------------------++-------
Melee: Spear             ||    64
       Short sword       ||     3
       Punch             ||     2
Armor: Leather armour    ||    22
Dodge: Dodged            ||    53
